Map: [ESL] Alcyone

Players

Cham

  • Race: Zerg Zerg
  • Spawn Location: 1:00

HeroMarine - Winner!

  • Race: Terran Terran
  • Spawn Location: 7:00

Event: ESL SC2 Masters 2023 Winter (Finals)

VOD

Have the link to the VOD?

Description

Time

  • Played on: Dec. 15, 2023, 3:57 p.m.
  • Length: 9:44

All games in this series

Show
View Real Time Build Order
Export as new Build Order

Cham Zerg 

Build Orders: Hatch First 

Get SALT Encoding   

  12  0:00  Drone  
  13  0:12  Overlord  
  13  0:18  Drone  
  14  0:31  Drone x2  
  16  0:50  Hatchery  
  16  0:51  Drone  
  16  0:55  Drone  
  17  0:58  Drone  
  18  1:12  Spawning Pool  
  18  1:13  Extractor  
  18  1:16  Drone  
  17  1:19  Drone  
  18  1:28  Drone  
  19  1:38  Drone  
  20  1:49  Drone  
  21  2:01  Queen x2  
  21  2:02  Zergling x4  
  27  2:12  Drone, Overlord  
  28  2:24  Hatchery  
  28  2:28  Drone  
  28  2:36  Drone x2  
  28  2:48  Queen  
  28  2:49  Overlord  
  28  2:50  Metabolic Boost  
  31  2:51  Drone  
  31  2:57  Drone x2  
  33  3:00  Drone  
  34  3:10  Drone x4  
  38  3:15  Queen  
  38  3:17  Overlord  
  40  3:24  Queen  
  42  3:28  Drone  
  43  3:35  Overlord  
  43  3:37  Drone, Queen  
  46  3:44  Drone x5  
  51  3:49  Drone  
  51  3:50  Overlord  
  51  3:51  Drone  
  53  3:56  Evolution Chamber  
  52  4:04  Drone  
  52  4:06  Drone  
  52  4:07  Drone x4  
  52  4:09  Drone  
  58  4:11  Overlord  
  58  4:13  Zergling x4  
  58  4:16  Spore Crawler  
  59  4:24  Extractor, Overlord  
  61  4:25  Drone x2  
  61  4:28  Overlord  
  61  4:30  Drone  
  62  4:31  Overlord  
  62  4:33  Drone  
  63  4:39  Drone  
  63  4:42  Zergling x2  
  63  4:44  Zergling x2  
  65  4:49  Drone x2  
  65  4:50  Drone x2  
  69  4:54  Drone  
  69  4:57  Drone x4, Hatchery  
  72  5:02  Spore Crawler x2  
  72  5:03  Spore Crawler  
  72  5:05  Lair  
  72  5:06  Drone x2  
  71  5:10  Drone x3  
  74  5:16  Roach Warren  
  74  5:19  Drone x3, Extractor  
  75  5:22  Drone x2, Extractor x2  
  75  5:23  Extractor  
  75  5:28  Drone x3  
  75  5:29  Spore Crawler  
  75  5:33  Drone x3, Baneling Nest  
  75  5:35  Drone  
  79  5:37  Drone  
  80  5:44  Overlord  
  80  5:47  Zergling x6, Drone x2  
  84  5:51  Drone x2  
  84  5:53  Drone  
  84  5:54  Overlord  
  86  6:03  Drone x2  
  88  6:06  Zergling x2  
  88  6:08  Zergling x4  
  88  6:10  Drone x2  
  93  6:12  Zergling x2, Roach x2  
  93  6:13  Zergling x2  
  93  6:18  Zergling x4, Roach x2  
  102  6:22  Zergling x4, Centrifugal Hooks  
  102  6:23  Spire  
  102  6:30  Drone x2  
  102  6:31  Extractor  
  102  6:32  Drone x2  
  103  6:33  Extractor  
  98  6:41  Overlord  
  98  6:42  Drone x2  
  98  6:45  Drone x2  
  98  6:46  Zergling x8, Roach x2  
  109  6:50  Zergling x2  
  109  6:51  Zergling x2  
  109  6:52  Zergling x4  
  113  6:56  Drone x2  
  113  7:00  Baneling x4  
  113  7:01  Baneling x2  
  115  7:05  Drone x2  
  115  7:06  Evolution Chamber, Overlord  
  115  7:07  Drone x2, Evolution Chamber  
  117  7:09  Drone x2  
  117  7:12  Drone  
  117  7:14  Drone x3  
  123  7:16  Overlord  
  123  7:19  Overlord  
  123  7:21  Drone  
  123  7:22  Spore Crawler  
  123  7:24  Overlord  
  123  7:25  Overlord  
  123  7:32  Overlord  
  123  7:40  Mutalisk  
  123  7:41  Mutalisk x7  
  138  7:45  Drone x3  
  138  7:51  Mutalisk x4  
  147  8:02  Drone x3  
  147  8:04  Drone  
  151  8:16  Mutalisk x4  
  151  8:18  Pneumatized Carapace, Overseer  
  159  8:22  Drone x3  
  159  8:24  Drone, Hatchery  
  159  8:26  Infestation Pit  
  161  8:28  Zergling x10  
  161  8:31  Baneling x4  
  161  8:32  Baneling x4  
  161  8:34  Zergling x4  
  166  8:35  Overlord  
  166  8:37  Overlord  
  166  8:39  Baneling x2  
  166  8:40  Overlord  
  166  8:45  Overlord  
  166  8:47  Zergling x4  
  152  8:59  Zergling x26  
  152  9:00  Zergling x4  
  164  9:06  Zergling x6  
  164  9:08  Zergling x2  
  168  9:16  Zergling x14  
  175  9:17  Baneling  
  175  9:18  Baneling  
  175  9:19  Zergling x2  
  153  9:25  Zergling x2  
  153  9:26  Baneling  
  153  9:27  Zergling x2  
Show
View Real Time Build Order
Export as new Build Order

HeroMarine Terran - Winner!

Build Orders: Reaper Expand, Hellion Banshee 

Get SALT Encoding   

  12  0:00  SCV  
  13  0:12  SCV  
  14  0:16  Supply Depot  
  14  0:24  SCV  
  15  0:38  SCV  
  15  0:39  Barracks  
  16  0:43  Refinery  
  16  0:50  SCV  
  17  1:02  SCV  
  18  1:14  SCV  
  19  1:26  Orbital Command  
  19  1:27  Reaper  
  20  1:38  Command Center  
  20  1:46  Supply Depot  
  20  1:52  SCV  
  21  1:58  Marine  
  22  2:04  SCV  
  23  2:08  Factory  
  23  2:16  SCV  
  23  2:21  Barracks Reactor  
  24  2:28  SCV  
  25  2:40  SCV  
  25  2:42  Command Center  
  26  2:52  Orbital Command, SCV  
  27  2:59  Starport  
  27  3:04  SCV  
  28  3:06  Refinery  
  28  3:08  Hellion  
  28  3:10  Hellion  
  32  3:16  SCV  
  32  3:18  SCV  
  34  3:20  Barracks Tech Lab  
  34  3:28  SCV  
  34  3:29  Hellion  
  34  3:30  SCV  
  34  3:31  Hellion  
  40  3:41  SCV  
  41  3:42  SCV  
  41  3:48  Banshee  
  45  3:54  Hellion x2, Cloaking Field  
  49  3:58  SCV x2  
  51  4:09  Barracks Tech Lab  
  48  4:10  SCV  
  48  4:12  Orbital Command, SCV  
  48  4:14  Supply Depot  
  48  4:15  Hellion  
  51  4:19  Hellion  
  51  4:22  SCV  
  53  4:24  SCV  
  53  4:28  Supply Depot  
  53  4:29  Marine  
  55  4:31  Banshee  
  55  4:34  SCV  
  55  4:36  Stimpack, SCV  
  60  4:41  SCV  
  60  4:44  Barracks  
  61  4:46  SCV  
  61  4:49  SCV  
  61  4:51  Factory Reactor  
  63  4:53  Barracks, SCV, Refinery  
  63  4:54  Refinery  
  63  4:58  SCV  
  65  5:01  Marine, SCV  
  65  5:02  Supply Depot  
  65  5:06  Orbital Command  
  67  5:08  Engineering Bay  
  67  5:09  Engineering Bay  
  67  5:10  SCV  
  67  5:13  SCV  
  69  5:17  Supply Depot x2  
  69  5:19  Marine  
  70  5:22  Starport Reactor, SCV  
  70  5:25  SCV  
  72  5:33  Barracks  
  72  5:34  Barracks, SCV  
  73  5:35  SCV  
  73  5:37  SCV  
  73  5:40  Terran Infantry Weapons Level 1, Terran Infantry Armor Level 1  
  75  5:46  Supply Depot  
  75  5:47  SCV  
  75  5:48  SCV  
  75  5:49  SCV  
  78  5:51  Marine x3  
  81  5:59  SCV  
  81  6:00  Siege Tank, Medivac x2, SCV  
  81  6:01  SCV  
  91  6:05  Marine, Supply Depot  
  91  6:06  Supply Depot  
  91  6:07  Marine  
  91  6:09  Marine x2  
  91  6:11  SCV  
  96  6:12  SCV  
  96  6:13  SCV  
  96  6:15  Marine  
  99  6:23  Marine, SCV  
  99  6:24  Marine, SCV  
  104  6:25  SCV  
  104  6:29  Barracks Reactor x2, Combat Shield  
  104  6:32  Marine x2  
  105  6:35  SCV, Marine  
  105  6:36  SCV  
  105  6:38  Siege Tank  
  110  6:41  Marine  
  110  6:42  Marine  
  110  6:45  Medivac  
  114  6:47  SCV x2  
  114  6:50  Marine x2, Medivac  
  114  6:52  Marine  
  121  6:56  SCV  
  121  6:57  Refinery x2  
  121  6:58  Command Center  
  121  6:59  SCV x2, Marine  
  125  7:03  Supply Depot  
  125  7:04  Marine  
  125  7:05  Supply Depot  
  125  7:07  Marine x2  
  125  7:08  Marine x2  
  129  7:09  Marine x2  
  129  7:10  Marine  
  133  7:17  Supply Depot  
  133  7:18  Armory  
  133  7:25  Medivac x2, Marine x4  
  133  7:27  Marine x2  
  133  7:28  Siege Tank  
  146  7:35  SCV x3  
  149  7:37  Barracks  
  149  7:38  Barracks x2  
  149  7:39  Marine x3  
  149  7:43  Marine x2  
  154  7:44  Marine x2  
  154  7:48  Marine  
  154  7:51  Factory  
  157  7:52  Supply Depot  
  157  7:54  Marine  
  157  7:56  Missile Turret  
  158  8:02  Marine x2  
  158  8:03  Marine x5  
  165  8:09  Siege Tank, Medivac x2  
  165  8:11  Missile Turret, Supply Depot  
  172  8:26  Missile Turret  
  171  8:29  Marine x2  
  171  8:31  Barracks Tech Lab x2  
  171  8:32  Barracks Tech Lab  
  173  8:34  SCV x2  
  173  8:35  SCV  
  175  8:46  Siege Tank, SCV  
  175  8:47  Medivac x2  
  175  8:48  Factory Tech Lab  
  180  8:50  Marine  
  180  8:51  Marine x6  
  185  8:57  Marine  
  185  9:01  Planetary Fortress  
  186  9:08  Marauder x2  
  190  9:11  Marauder  
  190  9:12  Marauder  
  190  9:15  SCV x3  
  196  9:19  Marine x2  
  196  9:23  Marine x3  
  182  9:27  SCV  
Tags
 
Add a new tag
Caveats
  • Supply blocks, unpowered buildings, or Contaminate may cause inaccurate times.
  • Supply counts are checked every 10 seconds.